 Dungeon Crawl Stone Soup version 0.29.1-1-gd02db6906a (webtiles) character file.

Game seed: 11786885126509005262

435 Aibolit the Trooper (level 7, -4/61 HPs)
             Began as a Hill Orc Fighter on Oct 8, 2022.
             Was a Follower of Okawaru.
             Slain by an ogre
             ... wielding a +0 giant club
              (12 damage)
             ... on level 5 of the Dungeon.
             The game lasted 00:10:55 (5159 turns).

Aibolit the Trooper (Hill Orc Fighter)              Turns: 5159, Time: 00:10:55

Health: -4/61      AC:  7    Str: 21    XL:     7   Next: 0%
Magic:  7/7        EV:  9    Int:  8    God:    Okawaru [*.....]
Gold:   181        SH:  5    Dex: 16    Spells: 6/6 levels left

rFire   . . .      SeeInvis .   u - +1 flail (holy)
rCold   . . .      Faith    .   c - +0 buckler
rNeg    . . .      Spirit   .   b - +0 scale mail
rPois   .          Reflect  .   (no helmet)
rElec   .          Harm     .   (no cloak)
rCorr   .          Rampage  .   (no gloves)
Will    .....                   (no boots)
Stlth   ..........              o - amulet of the acrobat
HPRegen 0.20/turn               d - +6 ring of dexterity
MPRegen 0.10/turn               (no ring)

@: no status effects
A: no striking features
a: Renounce Religion, Heroism


You were on level 5 of the Dungeon.
You worshipped Okawaru.
Okawaru was aware of your devotion.
You visited 1 branch of the dungeon, and saw 5 of its levels.

You collected 238 gold pieces.
You spent 57 gold pieces at shops.

Inventory:

Hand Weapons
 u - a +1 flail of holy wrath (weapon)
Armour
 b - a +0 scale mail (worn)
 c - a +0 buckler (worn)
Jewellery
 d - a +6 ring of dexterity (left hand)
 o - an amulet of the acrobat (around neck)
Wands
 r - a wand of flame (18)
Scrolls
 f - a scroll of vulnerability
 g - 3 scrolls of enchant armour
 i - a scroll of amnesia
 k - 4 scrolls of identify
 l - 2 scrolls of teleportation {unknown}
 m - a scroll of brand weapon {unknown}
 p - 2 scrolls of magic mapping {unknown}
 s - a scroll of summoning {unknown}
Potions
 e - 3 potions of degeneration {unknown}
 h - a potion of curing
 j - a potion of brilliance {unknown}
 n - 2 potions of haste {unknown}
 q - a potion of ambrosia {unknown}
 t - a potion of heal wounds {unknown}


   Skills:
 + Level 5.5 Fighting
 + Level 5.3 Axes
 + Level 5.0 Armour
 + Level 5.0 Shields


You had 6 spell levels left.
You didn't know any spells.
Your spell library was empty.

Dungeon Overview and Level Annotations

Branches:
Dungeon (5/15)
 Temple: D:4-7

Altars:
Gozag
Okawaru
Ru
The Shining One

Shops:
D:1 *:[


Message History

Things that are here:
a +0 club; a +0 ring mail; an orc corpse The ogre closely misses you.
You hit the ogre.
The ogre is lightly wounded.
The ogre hits you with a +0 giant club!!
You barely miss the ogre.
The ogre is lightly wounded.
The ogre closely misses you.
You hit the ogre.
The ogre is moderately wounded.
The ogre hits you with a +0 giant club.
You hit the ogre.
The ogre is heavily wounded.
The ogre hits you with a +0 giant club.
You hit the ogre.
The ogre is heavily wounded.
You completely miss the ogre.
The ogre is heavily wounded.
The ogre barely misses you.
You barely miss the ogre.
The ogre is heavily wounded.
The ogre hits you with a +0 giant club!
You barely miss the ogre.
The ogre is heavily wounded.
The ogre closely misses you.
You barely miss the ogre.
The ogre is heavily wounded.
The ogre hits you with a +0 giant club!
* * * LOW HITPOINT WARNING * * *
You sock the ogre!
The ogre is almost dead.
The ogre closely misses you.
You hit the ogre.
The ogre is almost dead.
The ogre completely misses you.
You barely miss the ogre.
The ogre is almost dead.
The ogre hits you with a +0 giant club!
You die...

#.#.#.# #.#
#...#.# #(#
.#######.#.#
#.#
...........#
#.#
########.###
#.# #.#
###.## #.#
#..... #.#
###### #@# #
#O# # #.# #
#)# # #.# #
..# # ...# #
#...# #
#...# #


You could see an ogre.

Vanquished Creatures
  A necrophage (D:4)
  A jelly (D:4)
  A hound (D:4)
  An orc priest (D:4)
  A gnoll bouda (D:4)
  3 orc wizards
  2 adders
  5 gnolls
  A white imp (D:4)
  3 worms
  5 dart slugs
  11 orcs
  7 endoplasms
  2 giant cockroaches (D:1)
  7 goblins
  2 hobgoblins
  2 jackals (D:1)
  5 quokkas
  10 ball pythons
  7 bats
  A frilled lizard (D:1)
  A goblin skeleton (D:4)
  A goblin zombie (D:4)
  2 hobgoblin zombies (D:4)
  5 kobolds
  A kobold skeleton (D:4)
  A kobold zombie (D:4)
  An orc skeleton (D:4)
  An orc zombie (D:4)
  2 rats (D:1)
  A spectral kobold (D:1)
94 creatures vanquished.

Notes
Turn   | Place    | Note
-------+----------+-------------------------------------------
     0 | D:1      | Aibolit the Hill Orc Fighter began the quest for the Orb.
     0 | D:1      | Reached XP level 1. HP: 19/19 MP: 1/1
   134 | D:1      | Reached XP level 2. HP: 24/27 MP: 2/2
   485 | D:1      | Found a faded altar of an unknown god.
   705 | D:1      | Reached XP level 3. HP: 28/33 MP: 3/3
   749 | D:1      | Found Ymuado's Antique Armour Shop.
   952 | D:1      | Found Yloil's Assorted Antiques.
   960 | D:1      | Bought a scroll labelled KUH BARER DESA for 19 gold pieces
   960 | D:1      | Bought a scroll labelled WAPTIM JONOTI for 19 gold pieces
   960 | D:1      | Bought a scroll labelled COME ZASAUDUEH for 19 gold pieces
   968 | D:1      | Found Faoledd's Book Shop.
  1288 | D:2      | Found an iron altar of Okawaru.
  1336 | D:2      | Became a worshipper of Warmaster Okawaru
  1665 | D:2      | Found the +4 dagger "Morg" {pain, Will+ Int+5}
  2163 | D:3      | Reached XP level 4. HP: 36/40 MP: 4/4
  2992 | D:4      | Noticed a necrophage
  3079 | D:4      | Reached XP level 5. HP: 17/47 MP: 5/5
  3229 | D:4      | Reached skill level 5 in Fighting
  3229 | D:4      | Reached XP level 6. HP: 27/56 MP: 6/6
  3546 | D:4      | Reached * piety under Okawaru
  4070 | D:4      | Reached skill level 5 in Axes
  4103 | D:4      | Reached skill level 5 in Shields
  4503 | D:4      | Found a glowing golden altar of the Shining One.
  4505 | D:4      | Reached skill level 5 in Armour
  4632 | D:4      | Reached XP level 7. HP: 61/61 MP: 7/7
  4732 | D:4      | Found an opulent altar of Gozag.
  4732 | D:4      | Found a sacrificial altar of Ru.
  5022 | D:5      | Entered Level 5 of the Dungeon
  5159 | D:5      | Slain by an ogre

Illustrated notes

Levels and vault maps discovered:
D:1:      giann_horns, layout_rooms, serial_curves, eino_curves_03,
          eino_curves_03, serial_shops, nicolae_shop_behind_doors, shop, shop,
          dreamdust_ecumenical_altar_drowned_temple, minmay_misc_feat_encased,
          chequers_avenue, eino_curves_04
D:2:      layout_basic, basic_altar
D:3:      layout_rooms
D:4:      layout_rooms, nicolae_tso_besieged_by_evil,
          gammafunk_temple_overflow_pools, st_stairs_14,
          kennysheep_pointless_box, minmay_misc_feat_rows
D:5:      layout_basic, gammafunk_ghost_hive, serial_bayou_ford_a

Skill      XL: |  1  2  3  4  5  6 |
---------------+-------------------+-----
Axes           | 3 4 5 |  5.3
Fighting       | 4 5 |  5.5
Armour         | 4 5 |  5.0
Shields        | 4 5 |  5.0

Action                   |  1- 3 |  4- 6 |  7- 9 || total
-------------------------+-------+-------+-------++-------
Melee: War axe           |   134 |   145 |     1 ||   280
       Flail             |       |       |    20 ||    20
Evoke: Wand              |       |     1 |       ||     1
  Use: Scroll            |     3 |     1 |       ||     4
       Potion            |       |     3 |       ||     3
Armor: Scale mail        |    79 |    56 |     3 ||   138
Dodge: Dodged            |    75 |    80 |    10 ||   165
Block: Buckler           |    33 |    32 |     4 ||    69
